 Dungeon Crawl Stone Soup version 0.20-a0-640-g62ed22f (webtiles) character file.

534928 Heskey the Slayer (level 25, -24/184 HPs)
             Began as a Gargoyle Fighter on June 14, 2016.
             Was the Champion of Okawaru.
             Killed from afar by Xtahua (76 damage)
             ... with a searing blast
             ... on level 4 of the Depths on Feb 12, 2017.
             The game lasted 02:36:09 (51566 turns).

Heskey the Slayer (Gargoyle Fighter)               Turns: 51566, Time: 02:36:10

Health: -24/184    AC: 70    Str: 30    XL:     25   Next: 77%
Magic:  40/40      EV: 14    Int: 17    God:    Okawaru [******]
Gold:   2897       SH: 35    Dex: 16    Spells: 24/24 levels left

rFire    x . .     SeeInvis .   q - +7 eveningstar "Hellblazer" {crush, *Rage MR+ MP+9 Int+5}
rCold    + + .     Gourm    .   J - +12 crystal plate armour "Hebukitt" {rF- rC++ Dex+5}
rNeg     + + +     Faith    .   C - +6 large shield "Zyweel" {MR++ Dex+2}
rPois    ∞         Spirit   .   E - +2 helmet "Unoel" {rN++ Regen+}
rElec    +         Reflect  +   A - +0 cloak
rCorr    .         Harm     .   n - +1 pair of gloves {Str+3}
MR       +++++     Rnd*Rage +   p - +2 pair of boots {Fly}
Stlth    ..........             x - +5 amulet of reflection
Regen    0.8/turn               G - ring of protection from magic
MPRegen  0.3/turn               K - +4 ring of evasion

@: flying
A: big wings, blurry vision 1, negative energy resistance 1, electricity
resistance, weak 1, unbreathing, petrification resistance, rot immunity, AC +19
}: 3/15 runes: decaying, silver, gossamer
a: Stop Flying, Heroism, Finesse, Renounce Religion


You were on level 4 of the Depths.
You worshipped Okawaru.
Okawaru was exalted by your worship.
You were hungry.

You visited 10 branches of the dungeon, and saw 45 of its levels.

You collected 4670 gold pieces.
You spent 1773 gold pieces at shops.

Inventory:

Hand Weapons
 q - the +7 eveningstar "Hellblazer" (weapon) {crush, *Rage MR+ MP+9 Int+5}
   (Okawaru gifted it to you on level 4 of the Vaults)

   It inflicts extra damage upon your enemies.
   It affects your intelligence (+5).
   It affects your resistance to hostile enchantments.
   It affects your magic capacity (+9).
   It may make you go berserk in combat.
 N - a +6 demon whip of freezing
Missiles
 w - 4 throwing nets (quivered)
Armour
 a - a +0 large shield of reflection
 e - a +2 pair of gloves of dexterity
 g - a +6 plate armour of ponderousness
 n - a +1 pair of gloves of strength (worn)
 p - a +2 pair of boots of flying (worn)
 A - a +0 cloak (worn)
 C - the +6 large shield "Zyweel" (worn) {MR++ Dex+2}
   (You took it off Louise on level 4 of the Depths)

   It affects your dexterity (+2).
   It affects your resistance to hostile enchantments.
 E - the +2 helmet "Unoel" (worn) {rN++ Regen+}
   (You found it on level 1 of the Vaults)

   It greatly protects you from negative energy.
   It increases your rate of regeneration.
 J - the +12 crystal plate armour "Hebukitt" (worn) {rF- rC++ Dex+5}
   (Okawaru gifted it to you on level 5 of the Vaults)

   It affects your dexterity (+5).
   It makes you vulnerable to fire.
   It greatly protects you from cold.
Jewellery
 x - a +5 amulet of reflection (around neck)
 G - a ring of protection from magic (right hand)
 K - a +4 ring of evasion (left hand)
 R - an uncursed ring of fire
Wands
 j - a wand of iceblast (7/15)
 o - a wand of confusion (26/48)
 t - a wand of enslavement (12/24)
 u - a wand of removedness (9/24)
 y - a wand of digging (23/24)
 z - a wand of removedness (2/24)
 D - a wand of clouds (4/9)
 F - a wand of confusion (14/48)
 W - a wand of removedness (9/24)
Scrolls
 c - 8 scrolls of remove curse
 h - 3 scrolls of silence
 i - 2 scrolls of summoning
 H - 5 scrolls of holy word
 L - 5 scrolls of fear
 U - a scroll of magic mapping
 Y - 2 scrolls of teleportation
Potions
 m - 11 potions of curing
 r - a potion of haste
 P - 7 potions of heal wounds
 T - 4 potions of agility
 V - 6 potions of ambrosia
Miscellaneous
 b - a fan of gales
 d - a lightning rod (4/4)
 v - a lamp of fire
 B - a fan of gales
 I - 2 phantom mirrors
 M - a fan of gales
 Q - 2 sacks of spiders
Comestibles
 f - 22 bread rations
 k - 4 meat rations
 l - 2 royal jellies
 s - 8 fruits


   Skills:
 * Level 26.2 Fighting
 + Level 18.4 Maces & Flails
 + Level 19.9 Armour
 + Level 7.7 Dodging
 + Level 19.8 Shields
 - Level 10.9 Invocations


You had 24 spell levels left.
You didn't know any spells.

Dungeon Overview and Level Annotations

Branches:
Dungeon (15/15)            Temple (1/1) D:4            Lair (6/6) D:10
  Swamp (4/4) Lair:3       Spider (4/4) Lair:2        Slime (1/5) Lair:6
    Orc (2/2) D:10            Elf (3/3) Orc:2        Vaults (5/5) D:14
  Crypt (0/3) Vaults:3     Depths (4/5) D:15

Altars:
Ashenzari
Cheibriados
Dithmenos
Elyvilon
Fedhas
Gozag
Hepliaklqana
Kikubaaqudgha
Makhleb
Nemelex Xobeh
Okawaru
Qazlal
Ru
Sif Muna
Trog
Uskayaw
Vehumet
Xom
Yredelemnul
Zin
The Shining One
Beogh
Jiyva
Lugonu

Shops:
Orc:2 !?!   Vaults:4 ?

Portals:
Hell: Depths:1 Depths:2 Depths:3 Depths:4
Abyss: Depths:3
Pandemonium: Depths:2 Depths:3
Trove: Vaults:1 (give +3 gold dragon armour)

Annotations:
Elf:2 exclusion: Roxanne, Roxanne
Elf:3 Amnesiac's ghost, adept DEEE
Depths:4 Xtahua


Innate Abilities, Weirdness & Mutations

You are resistant to torment.
Your stone body is resilient. (AC +19)
You are immune to poison.
Your large and strong wings let you fly indefinitely.
You resist negative energy. (rN+)
You are resistant to electric shocks. (rElec)
You can survive without breathing.
You are immune to petrification.
You are immune to rotting.
Scrolls take you a little longer to read.
You are weak. (Str -2)


Message History

You block the hell knight's attack. You block Xtahua's attack. x2
Xtahua tramples you but does no damage.
Things that are here:
a broad axe of pain; a chain mail You sock the hell knight!
The hell knight is moderately wounded.
You block Xtahua's attack. x2; Xtahua tramples you.
* * * LOW HITPOINT WARNING * * *
You hold your ground!
You block the hell knight's attack.
You hit the hell knight but do no damage.
The hell knight is moderately wounded.
You block Xtahua's attack. x3
Your crystal plate armour "Hebukitt" prevents you from hitting the hell knight.
The hell knight is moderately wounded.
You block the hell knight's attack.
Your shield and crystal plate armour "Hebukitt" prevent you from hitting the hell knight.
The hell knight is moderately wounded.
Xtahua breathes flames at you. The searing blast hits you!
The fire burns you terribly!
You die...

####.......................#
#..........................###
.............................## p
..............................#pp
.................................
.................................
.................................
.........###....D............[...
##...##### ##.>§@p.##............
##### #########........#...
########## #


You could see Xtahua and a hell knight.

Vanquished Creatures
  An ancient lich (Vaults:5)
  Mennas (Depths:3)
  Frederick (Vaults:3)
  Saint Roka (Vaults:3)
  the Lernaean hydra (Swamp:4)
  Margery (Vaults:4)
  A golden dragon (Vaults:5)
  the Enchantress (Depths:4)
  Jory (Vaults:3)
  A pearl dragon (Depths:3)
  2 liches (Vaults:5)
  Jorgrun (Depths:2)
  3 deep elf blademasters
  2 quicksilver dragons (Vaults:5)
  A titan (Vaults:5)
  Asterion (Spider:2)
  The ghost of Duffy the Bludgeoner, an adept NaFi of Cheibriados (Depths:1)
  3 sphinxes
  2 thorn hunters
  4 tengu reavers
  4 shadow dragons
  2 storm dragons
  13 fire giants
  Donald (Vaults:3)
  6 ghost moths
  A removed MONS_WIGLAF (Spider:4)
  4 frost giants
  11 vault wardens
  An iron dragon (shapeshifter) (Depths:2)
  The ghost of tstbtto the Severer, a journeyman CeBe of Trog (Orc:2)
  3 emperor scorpions
  Louise (Depths:4)
  5 deep elf sorcerers
  An orc warlord (Orc:1)
  2 deep elf elementalists (Elf:3)
  15 stone giants
  19 ironheart preservers
  The ghost of tstbtto the Severer, a journeyman CeBe of Trog (Lair:6)
  A large abomination (Vaults:5)
  An ophan (Depths:3)
  5 war gargoyles
  21 very ugly things
  3 spriggan defenders (Depths:4)
  A vampire knight (Depths:3)
  The ghost of Ajdolov the End of an Era, a journeyman TrFi of Qazlal (Orc:2)
  An apis (shapeshifter) (Depths:2)
  An apis (Depths:3)
  2 deep elf demonologists
  11 deep elf annihilators
  A lorocyproca (Depths:2)
  4 small abominations
  9 ettins
  6 spark wasps
  2 crystal guardians (Depths:2)
  10 yaktaur captains
  7 fire dragons
  4 deep elf death magi
  3 deep elf high priests
  3 entropy weavers
  38 vault guards
  5 great orbs of eyes
  4 spriggan air magi
  20 hydras
  3 rakshasas
  9 ice dragons
  A monstrous demonspawn (Depths:3)
  2 ghost crabs
  A ghost crab (shapeshifter) (Vaults:2)
  Erica (D:8)
  A juggernaut simulacrum (Depths:2)
  15 ogre magi
  8 centaur warriors
  2 catoblepae (D:14)
  2 death knights
  6 deep troll earth magi
  39 dancing weapons
  2 deep troll shamans (Depths:1)
  5 tengu warriors
  9 alligators
  A queen ant (shapeshifter) (Depths:2)
  6 death yaks (Lair:6)
  A queen ant (Spider:2)
  3 orc high priests (Orc:2)
  2 vampire magi (Depths:1)
  9 deep elf knights
  2 iron trolls (Depths:1)
  A spriggan berserker (Depths:3)
  11 hell knights
  A fire crab (Vaults:4)
  2 salamander mystics (Depths:3)
  A sixfirhy (Depths:3)
  A spriggan druid (Swamp:4)
  A storm dragon skeleton (Vaults:3)
  9 skeletal warriors
  6 unseen horrors
  13 deep trolls
  A shadow dragon zombie (Vaults:4)
  9 swamp dragons
  3 glowing orange brains
  A flayed ghost (Vaults:2)
  7 deep elf archers
  15 ironbrand convokers
  8 harpies (Vaults:1)
  3 necromancers
  5 phantasmal warriors
  8 removed MONS_HILL_GIANTs
  5 removed MONS_GRIFFONs
  21 orc knights
  19 orb spiders
  A stone giant zombie (Vaults:4)
  10 orc sorcerers
  Pikel (D:4)
  34 ugly things
  2 tengu skeletons (Vaults:3)
  A shadow dragon skeleton (Vaults:3)
  2 wizards
  32 wolf spiders
  4 manticores
  A mana viper (Depths:2)
  A wolf spider zombie (D:15)
  14 hornets
  2 shining eyes (shapeshifter)
  5 cyclopes
  61 deep elf magi
  5 salamanders (Depths:3)
  An elephant (shapeshifter) (D:14)
  A naga mage (Depths:2)
  3 fire giant skeletons
  An octopode (shapeshifter) (Depths:2)
  A frost giant skeleton (Vaults:5)
  3 black mambas
  9 vault sentinels
  3 centaur zombies
  3 gargoyles
  A spiny frog (shapeshifter) (Depths:1)
  2 hellions
  Psyche (D:8)
  A rime drake (shapeshifter) (Vaults:2)
  10 spiny frogs
  A redback zombie (D:15)
  34 yaktaurs
  2 yaktaur zombies (Vaults:4)
  2 rime drakes
  14 demonic crawlers
  2 efreet (D:14)
  8 komodo dragons
  3 yaktaur skeletons
  2 red devils
  6 human skeletons (Vaults:3)
  40 jumping spiders
  6 tyrant leeches
  A harpy zombie (D:15)
  A queen bee (Spider:3)
  A guardian mummy (Vaults:1)
  27 two-headed ogres
  A two-headed ogre (shapeshifter) (D:14)
  Prince Ribbit (D:6)
  3 tengu conjurers
  The ghost of Ajdolov the Changer, an amateur NaTm (D:4)
  A raiju (shapeshifter) (Depths:1)
  4 meliai
  9 trolls
  A polar bear (shapeshifter) (Vaults:2)
  7 blink frogs
  A blink frog (shapeshifter) (Vaults:1)
  5 removed MONS_BOULDER_BEETLEs
  2 bog bodies
  A meliai zombie (D:11)
  A stone giant simulacrum (Vaults:1)
  34 slime creatures
  A fire giant simulacrum (Vaults:2)
  2 hornet zombies (D:15)
  An ettin zombie (Vaults:5)
  5 spriggans
  A shadow (Swamp:2)
  6 air elementals
  5 wraiths
  4 water elementals
  27 tarantellas
  90 redbacks
  A tarantella (shapeshifter) (Vaults:3)
  A wyvern (D:14)
  A hog (shapeshifter) (Vaults:4)
  31 yaks
  An ettin skeleton (Vaults:3)
  A vampire (D:9)
  A neqoxec (Depths:3)
  3 basilisks
  A fire elemental (Elf:1)
  22 vampire mosquitoes
  A yaktaur simulacrum (Vaults:1)
  A human (shapeshifter) (Depths:1)
  16 hippogriffs
  3 hungry ghosts
  Menkaure (D:6)
  9 insubstantial wisps
  2 swamp worms (shapeshifter) (Vaults:2)
  9 wargs
  3 acid dragons
  A water moccasin (shapeshifter) (Depths:2)
  Edmund (D:4)
  10 water moccasins
  9 soldier ants
  Duvessa (D:5)
  A deep troll skeleton (Vaults:3)
  20 swamp worms
  A hell hound (Depths:1)
  8 porcupines
  5 sky beasts
  10 swamp drakes
  A swamp drake (shapeshifter) (Vaults:2)
  43 orc warriors
  2 ice beasts
  A sky beast (shapeshifter) (Depths:2)
  5 phantoms
  7 removed MONS_WASPs
  2 black bears (shapeshifter)
  A black bear (D:13)
  An eye of draining (D:15)
  6 necrophages
  59 ogres
  3 wolves (Lair:2)
  4 boggarts (Vaults:2)
  17 centaurs
  12 crocodiles
  8 big kobolds
  A bullfrog (shapeshifter) (Depths:4)
  7 gnoll sergeants
  15 bullfrogs
  An earth elemental (Elf:1)
  Dowan (D:5)
  A water moccasin zombie (D:7)
  4 scorpions
  2 wyvern skeletons
  2 human simulacra
  26 killer bees
  15 wights
  4 howler monkeys
  5 electric eels
  6 crimson imps
  A quasit (D:6)
  3 bullfrog zombies
  6 hounds
  22 orc priests
  3 jellies
  32 orc wizards
  Crazy Yiuf (D:6)
  4 centaur skeletons
  38 worker ants
  11 iguanas
  18 removed MONS_SHEEPs
  A howler monkey zombie (D:8)
  13 gnolls
  13 adders
  36 river rats
  3 shadow imps
  5 oozes
  An adder skeleton (D:9)
  An adder zombie (D:7)
  A worm (shapeshifter) (Vaults:2)
  4 worms
  2 dart slugs
  3 leopard geckos
  120 orcs
  4 giant cockroaches
  9 goblins
  8 hobgoblins
  7 jackals
  2 quokkas
  4 ball pythons (D:3)
  8 bats
  3 frilled lizards (D:2)
  45 kobolds
  A quokka skeleton (D:4)
  4 rats
  A crawling corpse (Vaults:5)
2021 creatures vanquished.

Vanquished Creatures (collateral kills)
  A very ugly thing (D:14)
  A two-headed ogre (Depths:1)
  A sky beast (D:14)
3 creatures vanquished.

Vanquished Creatures (others)
  Boris (Vaults:4)
  A deep elf master archer (Elf:3)
  5 yaktaur captains
  A centaur warrior (Depths:1)
  An ogre mage (Vaults:5)
  A deep elf knight (Vaults:4)
  An unseen horror (D:14)
  A deep troll (Vaults:4)
  5 deep elf archers
  A necromancer (Vaults:5)
  A salamander (Depths:3)
  A cyclops (D:14)
  13 yaktaurs
  A redback (Vaults:4)
  A centaur simulacrum (D:14)
  A slave (D:4)
  A removed MONS_WASP (Swamp:3)
  4 centaurs
  2 killer bees (Spider:3)
  A hell rat (shapeshifter) (Vaults:5)
  An adder (D:4)
  A kobold (D:5)
  6 briar patches
  4 fungi
  16 plants
72 creatures vanquished.

Grand Total: 2096 creatures vanquished

Notes
Turn   | Place    | Note
-------+----------+-------------------------------------------
     0 | D:1      | Heskey the Gargoyle Fighter began the quest for the Orb.
     0 | D:1      | Reached XP level 1. HP: 14/14 MP: 1/1
   420 | D:1      | Reached XP level 2. HP: 19/19 MP: 2/2
  1291 | D:2      | Reached skill level 4 in Fighting
  1291 | D:2      | Reached XP level 3. HP: 19/24 MP: 3/3
  1336 | D:2      | Reached XP level 4. HP: 24/30 MP: 4/4
  1436 | D:2      | Found an ancient bone altar of Kikubaaqudgha.
  1848 | D:3      | Found a sacrificial altar of Ru.
  1934 | D:3      | Reached XP level 5. HP: 29/34 MP: 5/5
  2176 | D:3      | Reached skill level 5 in Fighting
  2253 | D:3      | Reached XP level 6. HP: 36/40 MP: 6/6
  2427 | D:3      | Found a glowing drain.
  2581 | D:4      | Noticed a slave
  2582 | D:4      | Noticed a slave
  2582 | D:4      | Noticed Ajdolov's ghost (amateur NaTm)
  2583 | D:4      | Noticed Pikel
  2583 | D:4      | Noticed a slave
  2584 | D:4      | Noticed a slave
  2601 | D:4      | Killed Pikel
  2601 | D:4      | Reached skill level 6 in Fighting
  2601 | D:4      | Reached skill level 5 in Armour
  2601 | D:4      | Reached XP level 7. HP: 39/47 MP: 7/7
  2613 | D:4      | Killed Ajdolov's ghost
  2613 | D:4      | Reached skill level 7 in Fighting
  2613 | D:4      | Reached skill level 5 in Shields
  2613 | D:4      | Reached XP level 8. HP: 47/53 MP: 8/8
  2631 | D:4      | Noticed Edmund
  2642 | D:4      | Killed Edmund
  2917 | D:4      | Found a staircase to the Ecumenical Temple.
  2982 | Temple   | Entered the Ecumenical Temple
  3034 | Temple   | Became a worshipper of Warmaster Okawaru
  3174 | D:5      | Entered Level 5 of the Dungeon
  3320 | D:5      | Reached skill level 5 in Maces & Flails
  3513 | D:5      | Found a glowing silver altar of Zin.
  3682 | D:5      | Noticed Dowan
  3683 | D:5      | Noticed Duvessa
  3713 | D:5      | Killed Duvessa
  3713 | D:5      | Reached skill level 8 in Fighting
  3729 | D:5      | Killed Dowan
  4156 | D:5      | Reached XP level 9. HP: 59/60 MP: 9/9
  4646 | D:6      | Noticed Crazy Yiuf
  4655 | D:6      | Killed Crazy Yiuf
  4717 | D:6      | Reached * piety under Okawaru
  4749 | D:6      | Reached skill level 9 in Fighting
  4804 | D:6      | Noticed Prince Ribbit
  4876 | D:6      | Gained mutation: You passively map a small area around you. [potion of mutation]
  4876 | D:6      | Gained mutation: You possess an exceptional clarity of mind. [potion of mutation]
  4876 | D:6      | Gained mutation: You expend magic power (3 MP) to strengthen your wands. [potion of mutation]
  4897 | D:6      | Noticed Menkaure
  4913 | D:6      | Killed Menkaure
  5009 | D:6      | Killed Prince Ribbit
  5451 | D:7      | Noticed a cyan ugly thing
  5456 | D:7      | Reached ** piety under Okawaru
  5469 | D:7      | Killed a cyan ugly thing
  5469 | D:7      | Reached skill level 10 in Fighting
  5469 | D:7      | Reached XP level 10. HP: 48/68 MP: 10/10
  6200 | D:8      | Noticed Psyche
  6227 | D:8      | Killed Psyche
  6227 | D:8      | Reached *** piety under Okawaru
  6250 | D:8      | Reached skill level 11 in Fighting
  6518 | D:8      | Found a sparkling altar of Nemelex Xobeh.
  6518 | D:8      | Noticed Erica
  6544 | D:8      | Killed Erica
  6544 | D:8      | Reached **** piety under Okawaru
  7108 | D:9      | Found a hide-covered altar of Uskayaw.
  7163 | D:9      | Found a large runed door.
  7163 | D:9      | Found a large runed door.
  7176 | D:9      | Noticed a gargoyle
  7186 | D:9      | Killed a gargoyle
  7186 | D:9      | Reached XP level 11. HP: 54/76 MP: 11/11
  7293 | D:9      | Found a large runed door.
  7293 | D:9      | Found a large runed door.
  7306 | D:9      | Reached skill level 12 in Fighting
  7484 | D:9      | Received a gift from Okawaru
  7543 | D:9      | Found a deep blue altar of Sif Muna.
  7780 | D:9      | Found a radiant altar of Vehumet.
  7897 | D:9      | Reached skill level 1 in Invocations
  7954 | D:9      | Noticed a shining eye
  7955 | D:9      | Gained mutation: Your body sometimes deteriorates upon taking damage. [a shining eye]
  7964 | D:9      | Killed a shining eye
  7972 | D:9      | Reached ***** piety under Okawaru
  8164 | D:10     | Entered Level 10 of the Dungeon
  8632 | D:10     | Found a staircase to the Orcish Mines.
  8650 | D:10     | Received a gift from Okawaru
  9033 | D:10     | Found a staircase to the Lair.
  9075 | D:10     | Reached skill level 13 in Fighting
  9351 | D:11     | Noticed a manticore
  9361 | D:11     | Killed a manticore
  9361 | D:11     | Reached XP level 12. HP: 79/84 MP: 14/14
  9400 | D:11     | Received a gift from Okawaru
  9969 | D:11     | Reached skill level 10 in Armour
 10361 | D:12     | Noticed a six-headed hydra
 10371 | D:12     | Killed a six-headed hydra
 10371 | D:12     | Reached skill level 10 in Shields
 10432 | D:12     | Reached ****** piety under Okawaru
 10432 | D:12     | Received a gift from Okawaru
 10776 | D:12     | Reached skill level 5 in Invocations
 11146 | D:13     | Noticed a centaur warrior
 11158 | D:13     | Killed a centaur warrior
 11158 | D:13     | Reached skill level 14 in Fighting
 11714 | D:14     | Reached XP level 13. HP: 31/90 MP: 17/17
 12294 | D:14     | Noticed a cyan very ugly thing
 12373 | D:14     | Received a gift from Okawaru
 12412 | D:14     | Killed a cyan very ugly thing
 12412 | D:14     | Reached skill level 10 in Maces & Flails
 12595 | D:14     | Noticed a vault guard
 12597 | D:14     | Noticed a vault guard
 12598 | D:14     | Noticed a vault guard
 12600 | D:14     | Noticed a vault guard
 12600 | D:14     | Noticed a vault guard
 12662 | D:14     | Killed a vault guard
 12663 | D:14     | Killed a vault guard
 12673 | D:14     | Killed a vault guard
 12673 | D:14     | Reached skill level 15 in Fighting
 12758 | D:14     | Noticed a vault guard
 12759 | D:14     | Noticed a vault guard
 12761 | D:14     | Noticed a vault guard
 12823 | D:14     | Killed a vault guard
 12823 | D:14     | Received a gift from Okawaru
 12840 | D:14     | Killed a vault guard
 12844 | D:14     | Killed a vault guard
 12849 | D:14     | Killed a vault guard
 12858 | D:14     | Killed a vault guard
 13137 | D:14     | Found a gate to the Vaults.
 13326 | D:14     | Noticed a stone giant
 13339 | D:14     | Killed a stone giant
 13365 | D:14     | Gained mutation: Your large and strong wings let you fly indefinitely. [Gargoyle growth]
 13365 | D:14     | Reached XP level 14. HP: 30/98 MP: 15/19
 13749 | D:14     | Noticed a fire giant
 13760 | D:14     | Killed a fire giant
 14385 | D:14     | HP: 2/99 [meliai/divine providence (7)]
 15154 | D:14     | Received a gift from Okawaru
 15326 | D:15     | Entered Level 15 of the Dungeon
 15598 | D:15     | Found a staircase to the Depths.
 15598 | D:15     | Noticed a fire giant
 15648 | D:15     | Reached skill level 16 in Fighting
 16077 | D:15     | Killed a fire giant
 16729 | Lair:1   | Entered Level 1 of the Lair of Beasts
 17080 | Lair:1   | Received a gift from Okawaru
 17644 | Lair:2   | Found a hole to the Spider Nest.
 17671 | Lair:2   | Found a hide-covered altar of Uskayaw.
 18368 | Lair:3   | Found a staircase to the Swamp.
 18374 | Lair:3   | Reached XP level 15. HP: 95/105 MP: 21/21
 19032 | Lair:4   | Got a glittering pewter ring
 20659 | Lair:6   | Entered Level 6 of the Lair of Beasts
 20910 | Lair:6   | Received a gift from Okawaru
 20945 | Lair:6   | Identified the ring "Acimyiri" {rElec rN+ Int+4 Dex+3} (You found it on level 4 of the Lair of Beasts)
 21052 | Lair:6   | Found a viscous altar of Jiyva.
 21052 | Lair:6   | Found a staircase to the Slime Pits.
 21107 | Lair:6   | Noticed tstbtto's ghost (journeyman CeBe)
 21123 | Lair:6   | Killed tstbtto's ghost
 21123 | Lair:6   | Reached skill level 17 in Fighting
 21257 | Lair:6   | Received a gift from Okawaru
 21766 | Slime:1  | Entered Level 1 of the Pits of Slime
 21766 | Slime:1  | Noticed an acid blob
 22134 | Spider:1 | Entered Level 1 of the Spider Nest
 22574 | Spider:1 | Reached skill level 10 in Invocations
 22636 | Spider:1 | Killed a ghost moth
 23004 | Spider:1 | Noticed an emperor scorpion
 23025 | Spider:1 | Killed an emperor scorpion
 23474 | Spider:1 | Reached XP level 16. HP: 113/113 MP: 23/23
 23513 | Spider:2 | Noticed Asterion
 23533 | Spider:2 | Killed Asterion
 23749 | Spider:2 | Received a gift from Okawaru
 24337 | Spider:2 | Reached skill level 18 in Fighting
 24666 | Spider:2 | Received a gift from Okawaru
 25365 | Spider:3 | Identified a scroll of acquirement
 25883 | Spider:4 | Entered Level 4 of the Spider Nest
 25884 | Spider:4 | Noticed Wiglaf
 25899 | Spider:4 | Killed Wiglaf
 26039 | Spider:4 | Received a gift from Okawaru
 26623 | Spider:4 | Reached XP level 17. HP: 60/120 MP: 0/25
 27155 | Spider:4 | Lost mutation: Your body sometimes deteriorates upon taking damage. [potion of cure mutation]
 27155 | Spider:4 | Lost mutation: You passively map a small area around you. [potion of cure mutation]
 27155 | Spider:4 | Lost mutation: You expend magic power (3 MP) to strengthen your wands. [potion of cure mutation]
 27155 | Spider:4 | Lost mutation: You possess an exceptional clarity of mind. [potion of cure mutation]
 27163 | Spider:4 | Reached skill level 19 in Fighting
 27220 | Spider:4 | Received a gift from Okawaru
 27878 | Spider:4 | Got a gossamer rune of Zot
 28282 | Orc:1    | Entered Level 1 of the Orcish Mines
 28584 | Orc:1    | Found a roughly hewn altar of Beogh.
 29111 | Orc:2    | Entered Level 2 of the Orcish Mines
 29115 | Orc:2    | Noticed Ajdolov's ghost (journeyman TrFi)
 29122 | Orc:2    | Killed Ajdolov's ghost
 29153 | Orc:2    | Noticed tstbtto's ghost (journeyman CeBe)
 29210 | Orc:2    | Killed tstbtto's ghost
 29845 | Orc:2    | Found a roughly hewn altar of Beogh.
 29882 | Orc:2    | Found Oshriffa's Distillery.
 29979 | Orc:2    | Paralysed by an orc sorcerer for 6 turns
 30198 | Orc:2    | Found Rov Zunk's Magic Scroll Emporium.
 30203 | Orc:2    | Bought a potion of heal wounds for 85 gold pieces
 30203 | Orc:2    | Bought a potion of berserk rage for 85 gold pieces
 30206 | Orc:2    | Found Tatitsy's Distillery.
 30208 | Orc:2    | Found Iblelax's Magic Scroll Shop.
 30236 | Orc:2    | Bought a potion of berserk rage for 75 gold pieces
 30236 | Orc:2    | Bought a potion of berserk rage for 75 gold pieces
 30239 | Orc:2    | Bought a scroll of enchant armour for 112 gold pieces
 30239 | Orc:2    | Bought a scroll of acquirement for 780 gold pieces
 30239 | Orc:2    | Bought a scroll of fear for 52 gold pieces
 30435 | Orc:2    | Found a staircase to the Elven Halls.
 30501 | Orc:2    | Found a roughly hewn altar of Beogh.
 30690 | Elf:1    | Entered Level 1 of the Elven Halls
 30890 | Swamp:1  | Entered Level 1 of the Swamp
 31989 | Swamp:2  | Received a gift from Okawaru
 32679 | Swamp:3  | Reached XP level 18. HP: 122/129 MP: 26/26
 32695 | Swamp:3  | Reached skill level 15 in Shields
 33013 | Swamp:3  | Reached skill level 20 in Fighting
 33183 | Swamp:3  | Reached skill level 15 in Armour
 33612 | Swamp:4  | Entered Level 4 of the Swamp
 34072 | Swamp:4  | Received a gift from Okawaru
 34568 | Swamp:4  | Noticed the 27-headed Lernaean hydra
 34608 | Swamp:4  | Killed the 27-headed Lernaean hydra
 35006 | Swamp:4  | Got a decaying rune of Zot
 35458 | Vaults:1 | Entered Level 1 of the Vaults
 35918 | Vaults:1 | Received a gift from Okawaru
 36072 | Vaults:1 | Found a portal to a secret trove of treasure.
 36344 | Vaults:1 | Reached XP level 19. HP: 129/136 MP: 27/27
 36426 | Vaults:1 | Reached skill level 21 in Fighting
 36993 | Vaults:1 | Got a spiked helmet
 36994 | Vaults:1 | Identified the +2 helmet "Unoel" {rN++ Regen+} (You found it on level 1 of the Vaults)
 37710 | Vaults:2 | Received a gift from Okawaru
 38004 | Vaults:2 | Reached skill level 15 in Maces & Flails
 39462 | Vaults:3 | Noticed Frederick
 39472 | Vaults:3 | Reached XP level 20. HP: 131/145 MP: 28/28
 39493 | Vaults:3 | Killed Frederick
 39493 | Vaults:3 | Reached skill level 22 in Fighting
 39770 | Vaults:3 | Noticed Saint Roka
 40046 | Vaults:3 | Noticed Donald
 40062 | Vaults:3 | Killed Donald
 40458 | Vaults:3 | Found a staircase to the Crypt.
 40535 | Vaults:3 | Noticed Jory
 40776 | Vaults:3 | Killed Jory
 40877 | Vaults:3 | Received a gift from Okawaru
 40902 | Vaults:3 | Killed Saint Roka
 41486 | Vaults:4 | Noticed Margery
 41517 | Vaults:4 | Killed Margery
 41721 | Vaults:4 | Noticed Boris
 41824 | Vaults:4 | Killed Boris
 41919 | Vaults:4 | Received a gift from Okawaru
 42075 | Vaults:4 | Reached XP level 21. HP: 152/152 MP: 29/29
 42140 | Vaults:4 | Reached skill level 23 in Fighting
 42672 | Vaults:4 | Found Razuelui's Magic Scroll Shop.
 42764 | Vaults:4 | Received a gift from Okawaru
 42767 | Vaults:4 | Got a polished eveningstar {god gift}
 42770 | Vaults:4 | Identified the +7 eveningstar "Hellblazer" {crush, *Rage MR+ MP+9 Int+5} (Okawaru gifted it to you on level 4 of the Vaults)
 42780 | Vaults:4 | Bought a scroll of enchant weapon for 127 gold pieces
 42780 | Vaults:4 | Bought 2 scrolls of enchant armour for 255 gold pieces
 42780 | Vaults:4 | Bought a scroll of enchant weapon for 127 gold pieces
 43119 | Vaults:5 | Entered Level 5 of the Vaults
 43400 | Vaults:5 | Received a gift from Okawaru
 43409 | Vaults:5 | Got a spiked crystal plate armour {god gift}
 43420 | Vaults:5 | Identified the +12 crystal plate armour "Hebukitt" {rF- rC++ Dex+5} (Okawaru gifted it to you on level 5 of the Vaults)
 43586 | Vaults:5 | Got a silver rune of Zot
 43605 | Vaults:5 | Got an ancient swamp dragon armour
 43616 | Vaults:5 | Identified the cursed +1 swamp dragon armour of Boimuasmon {rPois Str-4 Int+4 Dex+6} (You found it on level 5 of the Vaults)
 43674 | Vaults:5 | Noticed an ancient lich
 43708 | Vaults:5 | HP: 1/155 [deep elf mage/shard of ice (20)]
 43714 | Vaults:5 | Noticed an ancient lich
 43722 | Vaults:4 | HP: 5/155 [acid (11)]
 44247 | Vaults:5 | Reached XP level 22. HP: 80/161 MP: 30/30
 44343 | Vaults:5 | Reached skill level 24 in Fighting
 44490 | Vaults:5 | Identified the Incunabulum of Ice and the Traveller (You found it on level 5 of the Vaults)
 44528 | Vaults:5 | Killed an ancient lich
 44528 | Vaults:5 | Received a gift from Okawaru
 44613 | Vaults:5 | Noticed a golden dragon
 44788 | Vaults:5 | HP: 6/162 [golden dragon/bolt of fire (24)]
 44793 | Vaults:5 | HP: 7/162 [golden dragon/bolt of fire (12)]
 44801 | Vaults:5 | Killed a golden dragon
 45515 | Elf:1    | Received a gift from Okawaru
 46009 | Elf:1    | You are sucked into a shaft!
 46069 | Elf:2    | Found a runed gate.
 46069 | Elf:2    | Found a runed gate.
 46070 | Elf:2    | Found a runed gate.
 46244 | Elf:2    | Reached XP level 23. HP: 168/168 MP: 31/31
 46310 | Elf:2    | Noticed Roxanne
 46637 | Elf:2    | Gained mutation: You are weak. (Str -2) [a neqoxec]
 46704 | Elf:2    | Reached XP level 24. HP: 175/175 MP: 31/31
 47004 | Elf:3    | Entered Level 3 of the Elven Halls
 47262 | Elf:3    | Reached skill level 25 in Fighting
 47278 | Elf:3    | Reached skill level 5 in Dodging
 47341 | Elf:3    | Noticed Amnesiac's ghost (adept DEEE)
 47660 | Depths:1 | Entered Level 1 of the Depths
 47679 | Depths:1 | Noticed Duffy's ghost (adept NaFi)
 47742 | Depths:1 | Killed Duffy's ghost
 47955 | Depths:1 | Received a gift from Okawaru
 48361 | Depths:1 | Found a gateway to Hell.
 48717 | Depths:2 | Noticed Jorgrun
 48728 | Depths:2 | Killed Jorgrun
 48761 | Depths:2 | Found a one-way gate leading to the halls of Pandemonium.
 49144 | Depths:2 | Noticed an ancient lich
 49210 | Depths:2 | Reached XP level 25. HP: 151/182 MP: 3/31
 49349 | Depths:2 | Received a gift from Okawaru
 49449 | Depths:2 | Upgraded the game from 0.19-a0-644-gd04d753 to 0.20-a0-622-g01f5896
 49621 | Depths:2 | Gained mutation: Scrolls take you a little longer to read. [a shining eye]
 50133 | Depths:3 | Found a corrupted altar of Lugonu.
 50133 | Depths:3 | Found a one-way gate to the infinite horrors of the Abyss.
 50302 | Depths:3 | Found a glowing silver altar of Zin.
 50302 | Depths:3 | Found a glowing golden altar of the Shining One.
 50302 | Depths:3 | Found a white marble altar of Elyvilon.
 50561 | Depths:3 | Noticed Mennas
 50603 | Depths:3 | Killed Mennas
 50659 | Depths:3 | Reached skill level 26 in Fighting
 50878 | Depths:3 | Upgraded the game from 0.20-a0-622-g01f5896 to 0.20-a0-640-g62ed22f
 51083 | Depths:4 | Received a gift from Okawaru
 51129 | Depths:4 | Noticed Louise
 51179 | Depths:4 | Killed Louise
 51188 | Depths:4 | Got a fine large shield
 51204 | Depths:4 | Identified the +6 large shield "Zyweel" {MR++ Dex+2} (You took it off Louise on level 4 of the Depths)
 51373 | Depths:4 | Noticed the Enchantress
 51385 | Depths:4 | Killed the Enchantress
 51537 | Depths:4 | Noticed Xtahua
 51566 | Depths:4 | Killed from afar by Xtahua

Vault maps used:
D:1:      dpeg_arrival_sounds_slurp
D:2:      old_standard_altar, corexii_corridor_pit, hangedman_decor_push,
          st_stairs_14
D:3:      nicolae_ru_awakened_eye, portal_sewer_entry_e,
          nicolae_underground_beach
D:4:      minmay_temple_entry_trees, uniq_edmund, uniq_pikel
D:5:      minmay_goblin_kobold_castle, zin_scriptorium, first_bread,
          uniq_duvessa
D:6:      grunt_ministairs_7, minmay_misc_feat_hallway, uniq_crazy_yiuf_cottage,
          uniq_prince_ribbit1, uniq_menkaure
D:7:      grunt_ogre_cave, hangedman_decor_slide_cut
D:8:      lemuel_round_altar, uniq_psyche, uniq_erica
D:9:      kennysheep_little_box, lemuel_blue_sif_altar, basic_altar,
          minmay_hollow_rounded_squares
D:10:     david_lair_shrubbed, kennysheep_orc_monster_closet_entryway
D:14:     evilmike_diamond_1, erik_vaults_2
D:15:     grunt_enter_depths_giant_problem, minmay_misc_feat_iff
Temple:   nicolae_temple_x_marks_the_god_16
Lair:1:   nicolae_quartered_pool_super
Lair:2:   spider_nest_entry_rubble, basic_altar
Lair:3:   minmay_swamp_entry_worms
Lair:4:   roderic_carrion_pond, serial_bayou_shore_b, lemuel_fruit_tree,
          grunt_megastairs_4, infiniplex_staircase_pool_2
Lair:5:   patterned_corridor
Lair:6:   due_jungle_book, slime_altar_1, small_statue_intersection,
          hangedman_lair_generics_rect
Swamp:1:  serial_swamp_ruin, evilmike_swamp_ruin_house_2,
          evilmike_swamp_ruin_house_5
Swamp:2:  evilmike_swamp_ruin_rubble_2
Swamp:3:  hangedman_swamp_cone
Swamp:4:  swamp_old_school, infiniplex_staircase_pool
Spider:1: spiders_nest_wasp_nest
Spider:2: minmay_another_anthill, hangedman_spider_tarantella_strand,
          uniq_asterion
Spider:3: nicolae_looking_at_the_future
Spider:4: grunt_spider_rune_parallel, uniq_wiglaf
Slime:1:  nicolae_slime_phagocytosis
Orc:1:    basic_altar
Orc:2:    st_orc_elflike, basic_altar, library_closet, lemuel_statue_altar
Elf:1:    eino_elf_arrival_the_gate, serial_shops, nicolae_shop_behind_doors,
          minmay_elf_crystal_hexagon
Elf:2:    uniq_roxanne
Elf:3:    minmay_elf_hall_four_x, grunt_ministairs_4
Vaults:1: nicolae_vaults_three_branches, v_misc_13, hangedman_vaults_slice,
          v_misc_2, v_misc_31, nicolae_vaults_what_the_h,
          nicolae_vaults_big_angled_halls, grunt_vaults_hallway_short,
          ontoclasm_vaults_loading_screen, nicolae_vaults_yaktaur_gun_rack,
          nicolae_trove_entry_path_of_doom
Vaults:2: v_alt_pattern_5, grunt_vaults_hallway_long, v_misc_29,
          nicolae_vaults_angled_halls, ontoclasm_vaults_decontamination,
          v_misc_28, hangedman_vaults_maws, ontoclasm_vaults_misaligned,
          nicolae_vaults_network_s, hangedman_vaults_snaps,
          ontoclasm_vaults_echo, v_misc_15, vaults_dpeg_ring
Vaults:3: nicolae_vaults_ninety_degrees, minmay_crypt_entry_skeletal_spiral,
          vaults_room_door_hall, ontoclasm_vaults_ring_small, v_misc_12,
          nicolae_vaults_shelves_hall, uniq_donald, uniq_saint_roka,
          uniq_frederick, uniq_jory
Vaults:4: v_pattern_5, serial_ice_m, vaults_room_grid, v_misc_27,
          nicolae_vaults_diagonal_hallway_9, vaults_dpeg_hooks, v_misc_29,
          vaults_mumra_minichess, v_misc_8, vaults_room_glass_cross,
          nicolae_vaults_specimen_jars, hangedman_vaults_impose,
          hangedman_vaults_maws, nicolae_vaults_alarming, serial_shops,
          shop_fountains, uniq_boris, uniq_margery
Depths:1: hellmouth_1, serial_sigils_hangedman_writhe, kennysheep_potato
Depths:2: hangedman_crystal_crosses_colossus, hell_entry, pan_entry,
          uniq_jorgrun
Depths:3: minmay_bloctagon_deflated, rand_demon_pan_entry_9,
          abyss_entry_flame_altar, kennysheep_cluttered_room, hell_entry,
          hallowed_hall, minmay_staircase_bubble, uniq_mennas
Depths:4: minmay_box_of_curves, hell_entry, minmay_crystal_room,
          nicolae_abyss_entry_one_way_or_another, infiniplex_enter_wizlab_water,
          hangedman_abyss_or_decor_lesser_grid, uniq_xtahua, uniq_enchantress

Skill      XL: |  1  2  3  4  5  6  7  8  9 10 11 12 13 14 15 16 17 18 19 20 21 22 23 24 25 |
---------------+----------------------------------------------------------------------------+-----
Fighting       | 4 5 6 7 8 10 11 13 14 15 16 17 18 19 20 21 22 23 24 25 26 | 26.2
Armour         | 4 5 6 7 8 9 10 11 12 13 14 15 16 17 18 19 | 19.9
Maces & Flails | 3 4 5 6 7 8 9 10 11 12 13 14 15 16 17 18 | 18.4
Shields        | 4 5 6 7 8 9 10 11 12 13 14 15 16 17 18 19 | 19.8
Invocations    | 3 5 7 9 10 | 10.9
Dodging        | 3 4 6 7 |  7.7

Action                   |  1- 3 |  4- 6 |  7- 9 | 10-12 | 13-15 | 16-18 | 19-21 | 22-24 | 25-27 || total
-------------------------+-------+-------+-------+-------+-------+-------+-------+-------+-------++-------
Melee: Flail             |   111 |   195 |   434 |  1160 |       |       |       |       |       ||  1900
       Morningstar       |       |       |       |    65 |  1540 |   467 |       |       |       ||  2072
       Demon whip        |       |       |       |       |       |  2134 |  1726 |       |       ||  3860
       Eveningstar       |       |       |       |       |       |       |   391 |  1213 |   518 ||  2122
Invok: Heroism           |       |       |       |     3 |    12 |    10 |     5 |     3 |     2 ||    35
       Finesse           |       |       |       |     2 |     6 |     5 |     5 |     2 |     2 ||    22
Evoke: Wand              |       |       |       |     1 |     6 |     1 |       |       |       ||     8
       Fan of gales      |       |       |       |       |     1 |       |       |       |       ||     1
       Lightning rod     |       |       |       |       |       |       |       |     1 |       ||     1
       Sack of spiders   |       |       |       |       |       |       |       |     1 |       ||     1
  Use: Scroll            |       |     5 |     1 |    20 |    20 |    25 |    19 |     9 |     1 ||   100
       Potion            |       |       |     9 |     3 |    10 |     8 |     9 |     5 |     4 ||    48
 Stab: Distracted        |       |       |       |       |     2 |     1 |       |       |     1 ||     4
       Invisible         |       |       |       |       |       |     2 |       |       |       ||     2
       Confused          |       |       |       |       |       |     1 |       |       |       ||     1
  Eat: Chunk             |     1 |     5 |     6 |    19 |    19 |    18 |     9 |    20 |     1 ||    98
       Royal jelly       |       |       |     2 |       |       |     1 |       |     1 |     1 ||     5
       Fruit             |       |       |       |     1 |     1 |     7 |     6 |     5 |     1 ||    21
       Meat ration       |       |       |       |     2 |     1 |     3 |     3 |     1 |     1 ||    11
       Buggy             |       |       |       |       |     3 |       |       |       |       ||     3
       Buggy             |       |       |       |       |     5 |     3 |     1 |     2 |       ||    11
       Bread ration      |       |       |       |       |     1 |       |     1 |       |       ||     2
Armor: Scale mail        |    77 |    61 |       |       |       |       |       |       |       ||   138
       Plate armour      |       |    57 |   274 |   670 |   959 |  1263 |   506 |       |       ||  3729
       Skin              |       |       |       |       |    22 |       |       |       |       ||    22
       Crystal plate arm |       |       |       |       |       |       |    72 |   766 |   153 ||   991
Dodge: Dodged            |    44 |    30 |    47 |    86 |   160 |   295 |   146 |   290 |    77 ||  1175
Block: Shield            |    62 |     2 |       |       |       |       |       |       |       ||    64
       Large shield      |       |   166 |   457 |  1492 |  1856 |  2762 |  1731 |  1561 |   531 || 10556
       Reflection        |       |       |    11 |    29 |    26 |    28 |   138 |    94 |    22 ||   348
